 Dungeon Crawl Stone Soup version 0.19-a0-1740-g0bcaf2e (webtiles) character file.

20687 4thArraOfDagon the Grappler (level 12, 0/178 HPs)
             Began as a Troll Wanderer on Oct 2, 2016.
             Was a Believer of Sif Muna.
             Slain by a tentacled starspawn (11 damage)
             ... on level 4 of the Abyss.
             The game lasted 00:26:43 (5742 turns).

4thArraOfDagon the Grappler (Troll Wanderer)        Turns: 5742, Time: 00:26:44

Health: 0/178      AC: 26    Str: 27      XL:     12   Next: 47%
Magic:  16/16      EV:  1    Int:  7 (13) God:    Sif Muna [**....]
Gold:   637        SH:  0    Dex:  8 (9)  Spells: 0 memorised, 18 levels left

rFire  . . .     SeeInvis .       - Unarmed
rCold  . . .     Gourm    +     (armour currently unavailable)
rNeg   + + +     Faith    .     (no shield)
rPois  +         Spirit   .     (helmet currently unavailable)
rElec  .         Dismiss  .     (cloak currently unavailable)
rCorr  .         Reflect  .     (gloves unavailable)
MR     .....     Harm     .     (boots unavailable)
Stlth  ++........ NoTele   +    m - amulet of regeneration
                                (no ring)
                                j - ring of stealth

@: mighty, tree-form, mesmerised, very slightly contaminated, hasted, very quick
A: unfitting armour, (claws 0), fast metabolism 3, gourmand, mutation resistance
1, regeneration 1, (shaggy fur 0), (tough skin 0)
a: Divine Energy, Renounce Religion


You were on level 4 of the Abyss.
You worshipped Sif Muna.
Sif Muna was pleased with you.
You were full.
You were a tree.
You visited 1 branch of the dungeon, and saw 14 of its levels.
You visited the Abyss 1 time.
You also visited: Ice Cave.

You collected 637 gold pieces.

Inventory:

Hand Weapons
 e - a +1 blowgun
 I - a +0 blowgun
 J - a +0 dagger of distortion
 T - the +10 shortbow of Duty {flame, MP-9 Str+6, unknown}
   (You found it on level 14 of the Dungeon)

   It causes projectiles fired from it to burn those they strike, causing extra
   injury to most foes and up to half again as much damage against particularly
   susceptible opponents.
   It affects your strength (+6).
   It affects your magic capacity (-9).
Missiles
 b - a throwing net (quivered)
 d - 10 poisoned needles
 t - 9 curare-tipped needles
 A - 7 large rocks
Armour
 a - a +1 robe
 z - a +2 robe of magic resistance
 D - a +0 steam dragon armour (melded)
Magical Staves
 F - an uncursed staff of cold {unknown}
Jewellery
 j - a ring of stealth (left branch)
 m - an amulet of regeneration (around neck)
 K - an uncursed amulet of the gourmand {unknown}
 M - an uncursed ring of fire
 Q - an uncursed ring of ice
 R - an uncursed ring of ice
Wands
 i - a wand of lightning (3/15)
 k - a wand of digging (13/24)
 l - a wand of iceblast (10/15)
 q - a wand of lightning (3/15)
 w - a wand of confusion (26/48)
 x - a wand of slowing (24/48)
 y - a wand of flame (33/48)
 E - a wand of polymorph (14/24)
 H - a wand of disintegration (11/24)
 N - a wand of lightning (5/15)
 P - a wand of digging (9/24)
Scrolls
 c - a scroll of teleportation
 g - a scroll of amnesia
 n - 2 scrolls of enchant armour
 r - a scroll of noise
 s - 2 scrolls of recharging
 C - a scroll of blinking
 G - a scroll of remove curse
Potions
 o - 2 potions of brilliance
 u - a potion of degeneration
Miscellaneous
 S - a phantom mirror
 W - a box of beasts
Comestibles
 f - 5 bread rations
 h - 5 meat rations
 p - 3 fruits


   Skills:
 - Level 8.1 Fighting
 - Level 1.5 Short Blades
 - Level 1.7 Throwing
 - Level 8.2 Dodging
 - Level 14.0 Unarmed Combat
 + Level 3.9 Spellcasting
   Level 2.1 Poison Magic
 - Level 2.1 Invocations


You had 18 spell levels left.
You didn't know any spells.

Dungeon Overview and Level Annotations

Branches:
Dungeon (14/15)              Lair (0/6) D:11            Orc (0/2) D:12
 Temple: D:4-7       Vaults: D:13-14

Altars:
Elyvilon
Gozag
Sif Muna
Trog
Yredelemnul
The Shining One

Shops:
D:2 *   D:12 (

Annotations:
D:6 Eustachio, Prince Ribbit


Innate Abilities, Weirdness & Mutations

You are too large for most types of armour.
((You have claws for hands.))
Your metabolism is lightning-fast.
You like to eat raw meat.
Your natural rate of healing is unusually fast.
((You are covered in fur. (AC +1)))
((You have very tough skin. (AC +2)))
You are somewhat resistant to further mutation.


Message History

* * * LOW HITPOINT WARNING * * *
The mad acolyte of Lugonu hits you but does no damage.
Space bends around you.
* * * LOW HITPOINT WARNING * * *
2 starspawn tentacles come into view.
Unknown command.
Unknown command.
You feel much better. The blink frog hits you.
* * * LOW HITPOINT WARNING * * *
The merfolk avatar chants its luring song.
The starcursed mass engulfs you but does no damage.
Unknown command.
Unknown command.
You smack the mad acolyte of Lugonu!
The mad acolyte of Lugonu is almost dead.
The blink frog hits you but does no damage.
The tentacled starspawn bites you!!
* * * LOW HITPOINT WARNING * * *
The tentacled starspawn engulfs you!
You die...

#... ...
#.#≈#.##
#≈.≈m≈.≈
#.≈≈≈.##
##......#
≈._...≈#
##†.{..##
#≈F#p#.≈#
#w♣XXX##
#≈X###'≈#
#§##w#.##{#
## ##φ## #
##


You could see 3 starcursed masses, a tentacled starspawn, a merfolk avatar, a
mad acolyte of Lugonu, a blink frog and 2 starspawn tentacles.

Vanquished Creatures
  A tentacled starspawn (Abyss:4)
  A frost giant (IceCv)
  An unseen horror (D:13)
  A hill giant (D:13)
  2 ugly things (D:12)
  A deep elf mage (D:14)
  2 cyclopes
  An ice statue (IceCv)
  Psyche (D:8)
  A komodo dragon (D:11)
  A rime drake (IceCv)
  14 polar bears (IceCv)
  A blink frog (shapeshifter) (D:12)
  2 blink frogs (Abyss:4)
  A hippogriff (D:7)
  22 yaks
  A fire bat (D:13)
  A basilisk (D:12)
  A steam dragon (D:12)
  A water moccasin (D:6)
  8 ice beasts (D:13)
  2 orc warriors
  2 sky beasts
  A wasp (D:7)
  An eye of draining (D:8)
  2 black bears
  5 ogres
  A phantom (D:11)
  22 wolves (IceCv)
  3 necrophages
  8 centaurs
  2 big kobolds
  A crocodile (D:11)
  6 bullfrogs
  A gnoll sergeant (D:8)
  A wyvern skeleton (D:12)
  3 scorpions
  4 killer bees
  3 howler monkeys
  3 crimson imps
  A centaur zombie (D:8)
  A quasit (D:8)
  3 starcursed masses (Abyss:4)
  3 jellies (D:8)
  A bullfrog zombie (D:8)
  3 hounds
  2 bullfrog skeletons
  A centaur skeleton (D:11)
  5 orc wizards
  2 iguanas
  4 worker ants
  9 gnolls (D:8)
  3 adders
  A river rat (D:11)
  3 shadow imps
  An adder skeleton (D:8)
  A dart slug (D:2)
  2 leopard geckos
  13 orcs
  A giant cockroach (D:2)
  2 jackals (D:5)
  2 quokkas
  11 bats
  A goblin (D:1)
  A jackal zombie (D:5)
  12 kobolds
  2 leopard gecko skeletons
  13 rats
240 creatures vanquished.

Vanquished Creatures (others)
  4 starspawn tentacles (Abyss:4)
4 creatures vanquished.

Grand Total: 244 creatures vanquished

Notes
Turn   | Place    | Note
-------+----------+-------------------------------------------
     0 | D:1      | 4thArraOfDagon the Troll Wanderer began the quest for the Orb.
     0 | D:1      | 4thArraOfDagon set off with: a +0 robe, 2 throwing nets, a scroll of teleportation, 10 poisoned needles, a +0 blowgun, 2 bread rations
     0 | D:1      | Reached XP level 1. HP: 19/19 MP: 0/0
    73 | D:2      | Reached skill level 1 in Unarmed Combat
    84 | D:2      | Found Gozag's Platinum Reserve.
    86 | D:2      | Found an opulent altar of Gozag.
   136 | D:2      | You fall through a shaft!
   220 | D:4      | Reached XP level 2. HP: 27/27 MP: 1/1
   248 | D:5      | Entered Level 5 of the Dungeon
   311 | D:5      | Found an opulent altar of Gozag.
   314 | D:5      | Found a basalt altar of Yredelemnul.
   317 | D:5      | Found a bloodstained altar of Trog.
   354 | D:5      | Noticed an ogre
   362 | D:5      | Killed an ogre
   362 | D:5      | Reached skill level 4 in Unarmed Combat
   362 | D:5      | Reached XP level 3. HP: 33/33 MP: 2/2
   362 | D:5      | Reached XP level 4. HP: 41/41 MP: 3/3
   477 | D:5      | Found a deep blue altar of Sif Muna.
   485 | D:5      | Became a worshipper of Sif Muna the Loreminder
   486 | D:5      | MEH
   593 | D:6      | Reached XP level 5. HP: 48/48 MP: 4/4
   704 | D:6      | Found a white marble altar of Elyvilon.
   705 | D:6      | Noticed Eustachio
   707 | D:6      | Noticed Prince Ribbit
   722 | D:6      | Noticed an ogre
   894 | D:7      | Reached skill level 5 in Unarmed Combat
   965 | D:7      | Noticed a hippogriff
   979 | D:7      | Killed a hippogriff
   979 | D:7      | Reached skill level 1 in Invocations
   979 | D:7      | Reached XP level 6. HP: 24/57 MP: 4/6
  1043 | D:6      | Noticed a water moccasin
  1058 | D:6      | Killed a water moccasin
  1058 | D:6      | Reached skill level 1 in Spellcasting
  1058 | D:6      | Reached XP level 7. HP: 48/66 MP: 7/7
  1210 | D:7      | Reached skill level 6 in Unarmed Combat
  1554 | D:8      | Reached XP level 8. HP: 49/75 MP: 4/9
  1683 | D:8      | Reached skill level 7 in Unarmed Combat
  1764 | D:8      | Found a glowing golden altar of the Shining One.
  1817 | D:9      | Noticed a troll
  2028 | D:8      | Reached * piety under Sif Muna
  2187 | D:7      | Reached skill level 8 in Unarmed Combat
  2199 | D:7      | Reached XP level 9. HP: 64/84 MP: 11/11
  2546 | D:8      | Noticed Psyche
  2555 | D:8      | Killed Psyche
  2555 | D:8      | Reached skill level 9 in Unarmed Combat
  2960 | D:9      | Reached skill level 5 in Dodging
  2997 | D:9      | Found a glowing golden altar of the Shining One.
  3096 | D:10     | Entered Level 10 of the Dungeon
  3103 | D:10     | Reached skill level 5 in Fighting
  3188 | D:10     | Noticed a cyclops
  3208 | D:10     | Killed a cyclops
  3208 | D:10     | Reached skill level 10 in Unarmed Combat
  3384 | D:11     | Reached XP level 10. HP: 71/96 MP: 12/12
  3482 | D:11     | Found a staircase to the Lair.
  3501 | D:11     | Noticed a four-headed hydra
  3678 | D:11     | Noticed a four-headed hydra
  3752 | D:12     | Found Yqiun's Antique Weapon Boutique.
  3764 | D:12     | Gained mutation: Your body sometimes deteriorates upon taking damage. [mutagenic meat]
  3767 | D:12     | Gained mutation: You are somewhat resistant to further mutation. [mutagenic meat]
  3771 | D:12     | Noticed a cyclops
  3789 | D:12     | Reached skill level 11 in Unarmed Combat
  3838 | D:12     | Noticed a six-headed hydra
  3892 | D:12     | Noticed a green ugly thing
  3920 | D:12     | Killed a green ugly thing
  4048 | D:12     | Killed a cyclops
  4138 | D:12     | Noticed a black mamba
  4142 | D:12     | Noticed a brown ugly thing
  4144 | D:12     | Noticed a hill giant
  4144 | D:12     | a black mamba changed into a blink frog
  4169 | D:12     | Killed a brown ugly thing
  4169 | D:12     | Reached XP level 11. HP: 36/107 MP: 13/13
  4178 | D:12     | Lost mutation: Your body sometimes deteriorates upon taking damage. [mutagenic meat]
  4307 | D:13     | Noticed Sonja
  4318 | D:13     | Noticed Sonja
  4318 | D:13     | Sonja changed into Sonja the fire bat
  4326 | D:13     | Killed Sonja the fire bat
  4339 | D:13     | Noticed a hill giant
  4349 | D:13     | Killed a hill giant
  4349 | D:13     | Reached skill level 12 in Unarmed Combat
  4494 | D:13     | Killed an unseen horror
  4541 | D:13     | Reached ** piety under Sif Muna
  4547 | D:13     | Found a frozen archway.
  4561 | IceCv    | Entered an ice cave
  4828 | IceCv    | Reached skill level 13 in Unarmed Combat
  5098 | IceCv    | Reached XP level 12. HP: 81/119 MP: 14/14
  5148 | IceCv    | Noticed a frost giant
  5174 | IceCv    | jacquesderrida: Deegan
  5425 | IceCv    | Killed a frost giant
  5431 | IceCv    | jacquesderrida: deeeeeng
  5444 | IceCv    | tstbtto: UNUSUAL!
  5499 | D:14     | Got a crystal shortbow
  5544 | D:14     | Reached skill level 14 in Unarmed Combat
  5553 | D:14     | Cast into level 3 of the Abyss (a wizard)
  5553 | Abyss:3  | Found a corrupted altar of Lugonu.
  5611 | Abyss:3  | Noticed a hell hog
  5613 | Abyss:3  | Noticed a revenant
  5700 | Abyss:3  | Noticed a bone dragon
  5701 | Abyss:3  | Noticed an eidolon
  5707 | Abyss:4  | Found a corrupted altar of Lugonu.
  5707 | Abyss:4  | Found a corrupted altar of Lugonu.
  5707 | Abyss:4  | Noticed a merfolk avatar
  5707 | Abyss:4  | Noticed a mad acolyte of Lugonu
  5707 | Abyss:4  | Noticed a mad acolyte of Lugonu
  5707 | Abyss:4  | Noticed a tentacled starspawn
  5707 | Abyss:4  | Noticed a starcursed mass
  5709 | Abyss:4  | Noticed a tentacled starspawn
  5724 | Abyss:4  | tstbtto: Conf Might Tree Ambros Mesm Contam Full Fast Constr
  5728 | Abyss:4  | Killed a tentacled starspawn
  5742 | Abyss:4  | Slain by a tentacled starspawn

Vault maps used:
D:1:      dpeg_arrival_rooms_c
D:2:      overflow_temple_1_default, fedhas_altar_1, first_bread,
          grunt_ministairs_1, nicolae_gozag_zags_fifth_avenue,
          uniq_crazy_yiuf_cottage
D:3:      gup_sewer_entry_pipe, minmay_close_crescents
D:4:      uniq_grinder
D:5:      grunt_temple_overflow_diamond, lemuel_round_altar, uniq_pikel
D:6:      basic_altar, uniq_eustachio, uniq_prince_ribbit1
D:7:      the_bakery
D:8:      minivault_11, minivault_24, tso_altar, uniq_psyche
D:9:      kennysheep_mini, serial_column_ruins, column_ruins_grid_1,
          column_ruins_open_small, column_ruins_open_small, basic_altar
D:11:     grunt_lair_entry_orc_guard_hut, minmay_checkerbox
D:12:     erik_orc_2, serial_shops, shop
D:13:     portal_ice_cave_entry_ice_beasts, statue_in_the_mist_lemuel,
          uniq_sonja
D:14:     minmay_mutant_horseshoe, david_vaults_4, lemuel_crystal_altar,
          uniq_azrael, uniq_roxanne, uniq_louise
Abyss:4:  evilmike_abyss_exit_glass, evilmike_abyss_rune_siren_acolytes
IceCv:    ice_cave_caverns_01

Skill      XL: |  1  2  3  4  5  6  7  8  9 10 11 12 |
---------------+-------------------------------------+-----
Unarmed Combat | 1 4 5 6 8 10 11 13 14 | 14.0
Fighting       | 2 3 4 5 6 7 8 |  8.1
Invocations    | 1 2 |  2.1
Dodging        | 2 3 5 6 7 8 |  8.2
Spellcasting   | 1 2 3 |  3.9
Short Blades   | |  1.5
Throwing       | |  1.7
Poison Magic   | |  2.1

Action                   |  1- 3 |  4- 6 |  7- 9 | 10-12 || total
-------------------------+-------+-------+-------+-------++-------
Melee: Unarmed           |    36 |    80 |   361 |   461 ||   938
       Punch             |       |     1 |     9 |    29 ||    39
 Fire: Blowgun           |       |       |       |     3 ||     3
Throw: Throwing net      |       |     1 |       |     2 ||     3
Evoke: Wand              |       |       |     3 |    24 ||    27
  Use: Potion            |     1 |     1 |       |     8 ||    10
       Scroll            |       |       |    10 |    12 ||    22
 Stab: Sleeping          |       |     2 |     5 |     3 ||    10
       Confused          |       |       |       |     6 ||     6
  Eat: Chunk             |     5 |    10 |    22 |    25 ||    62
Armor: Robe              |    12 |    18 |   122 |    27 ||   179
       Steam dragon armo |       |       |       |   123 ||   123
       Skin              |       |       |       |    17 ||    17
Dodge: Dodged            |    20 |    44 |   215 |   280 ||   559
